 Dungeon Crawl Stone Soup version 0.27-a0-59-gfbafd837a3 (webtiles) character file.

Game seed: 9192184077222956768

7557 Borgoz the Fighter (level 11, -3/71 HPs)
             Began as a Gargoyle Gladiator on Jan 8, 2021.
             Was an Initiate of Ashenzari.
             Slain by a gargoyle
             ... wielding a +0 dire flail
              (7 damage)
             ... on level 9 of the Dungeon on Jan 9, 2021.
             The game lasted 00:15:28 (11513 turns).

Borgoz the Fighter (Gargoyle Gladiator)            Turns: 11513, Time: 00:15:28

Health: -3/71      AC: 20    Str: 18    XL:     11   Next: 17%
Magic:  11/11      EV: 13    Int:  9    God:    Ashenzari [......]
Gold:   761        SH:  0    Dex: 14    Spells: 10/10 levels left

rFire    + . .     SeeInvis .   r - +0 morningstar
rCold    . . .     Faith    +   (no shield)
rNeg     + . .     Spirit   .   e - +0 scale mail {rF+}
rPois    ∞         Reflect  .   l - +1 helmet
rElec    +         Harm     .   i - +0 cloak
rCorr    .         Rampage  .   m - +2 pair of gloves
Will     .....                  (no boots)
Stlth    ..........             a - amulet of faith
HPRegen  0.21/turn              (no ring)
MPRegen  0.12/turn              (no ring)

@: slowed, very slow
A: negative energy resistance 1, electricity resistance, unbreathing,
petrification resistance, miasma immunity, AC +8
a: Renounce Religion, Curse Item


You were on level 9 of the Dungeon.
You worshipped Ashenzari.
Ashenzari was noncommittal.
You visited 2 branches of the dungeon, and saw 11 of its levels.
You also visited: Sewer.

You collected 831 gold pieces.
You spent 70 gold pieces at shops.

Inventory:

Hand Weapons
 r - a +0 morningstar (weapon)
Missiles
 d - 4 throwing nets (quivered)
Armour
 e - a +0 scale mail of fire resistance (worn)
 i - a +0 cloak (worn)
 l - a +1 helmet (worn)
 m - a +2 pair of gloves (worn)
Jewellery
 a - an amulet of faith (around neck)
Scrolls
 g - 6 scrolls of remove curse
 h - 3 scrolls of enchant armour
 k - a scroll of fog
 o - 3 scrolls of teleportation
 p - 3 scrolls of magic mapping
 w - a scroll of blinking
Potions
 b - 4 potions of might
 c - 2 potions of curing
 f - 3 potions of haste
 j - a potion of cancellation {unknown}
 n - 2 potions of flight
 t - a potion of mutation
 u - 2 potions of lignification {unknown}
 v - 5 potions of brilliance


   Skills:
 + Level 9.5 Fighting
 + Level 9.1 Maces & Flails
 + Level 8.0 Throwing
 + Level 7.5 Dodging


You had 10 spell levels left.
You didn't know any spells.
Your spell library contained the following spells:

 Spells                   Type           Power        Failure   Level
 Animate Skeleton         Necr           0%           80%         1
 Apportation              Tloc           0%           80%         1
 Corona                   Hex            0%           80%         1
 Summon Small Mammal      Summ           0%           80%         1


Dungeon Overview and Level Annotations

Branches:
Dungeon (10/15)            Temple (1/1) D:7            Lair (0/6) D:9
    Orc (0/2) D:9           Sewer (visited)

Altars:
Ashenzari
Cheibriados
Dithmenos
Elyvilon
Fedhas
Gozag
Hepliaklqana
Kikubaaqudgha
Makhleb
Nemelex Xobeh
Okawaru
Qazlal
Ru
Sif Muna
Trog
Uskayaw
Vehumet
Wu Jian
Xom
Yredelemnul
Zin
The Shining One

Shops:
D:7 *

Annotations:
D:3 2 transporters


Innate Abilities, Weirdness & Mutations

You are resistant to torment.
Your stone body is resilient. (AC +8)
You are immune to poison.
You resist negative energy. (rN+)
You are resistant to electric shocks. (rElec)
You can survive without breathing.
You are immune to petrification.
You are immune to miasma.


Message History

The wraith hits you. The wraith drains your vigour!
You feel as though you will be slow longer.
The gargoyle hurls a stone arrow at you.
The stone arrow hits you!
* * * LOW HITPOINT WARNING * * *
The gargoyle struggles against the net.
The net rips apart, and the gargoyle comes free!
The wraith hits you!
* * * LOW HITPOINT WARNING * * *
You hit the gargoyle but do no damage.
The gargoyle is lightly damaged.
The wraith hits you but does no damage.
The gargoyle hits you with a +0 dire flail!
* * * LOW HITPOINT WARNING * * *
You hit the gargoyle.
The gargoyle is lightly damaged.
The wraith misses you. The gargoyle closely misses you.
The wraith barely misses you.
The gargoyle hits you with a +0 dire flail!
You die...

#)......# #.......#
#.......# ####
........#####..##
................###
#.......#.........#
#.......#.#.####..#
#.........#.####W##
########.#.....9@#
##..........######
##..)...(...##...#
##.............#.#
.............###.#
............#....#
..............####
...#.........##
...#.........#


You could see a wraith and a gargoyle.

Vanquished Creatures
  A two-headed ogre (D:8)
  Sonja (D:9)
  Pikel (D:5)
  Psyche (D:9)
  Maggie (D:6)
  2 hornets
  Sigmund (D:6)
  Eustachio (D:6)
  A swamp drake (D:9)
  2 ice beasts
  2 orc warriors (D:9)
  3 phantoms
  2 sky beasts
  8 ogres
  A black bear (D:9)
  4 centaurs
  A lemure (D:5)
  A gnoll sergeant (D:8)
  7 bullfrogs
  A water moccasin skeleton (D:6)
  4 scorpions
  9 wights
  A howler monkey (D:9)
  4 bullfrog zombies
  3 hounds
  A jelly (D:8)
  6 orc priests
  2 centaur skeletons
  3 orc wizards
  A bullfrog skeleton (D:6)
  2 iguanas
  7 worker ants
  A worker ant zombie (D:9)
  Robin (D:2)
  9 gnolls
  10 adders
  2 shadow imps
  A white imp (D:8)
  2 ufetubi
  7 oozes
  2 adder zombies
  An adder skeleton (D:9)
  5 worms
  A dart slug (D:1)
  7 leopard geckos
  26 orcs
  7 giant cockroaches
  12 hobgoblins
  9 jackals
  10 kobolds
  5 quokkas
  A ball python (Sewer)
  20 bats
  7 frilled lizards
  A giant cockroach zombie (D:6)
  16 goblins
  A leopard gecko skeleton (D:8)
  A quokka skeleton (D:4)
  A quokka zombie (D:7)
  9 rats
260 creatures vanquished.

Vanquished Creatures (others)
  10 fungi (D:9)
  14 plants (D:9)
  5 toadstools (D:3)
29 creatures vanquished.

Grand Total: 289 creatures vanquished

Notes
Turn   | Place    | Note
-------+----------+-------------------------------------------
     0 | D:1      | Borgoz the Gargoyle Gladiator began the quest for the Orb.
     0 | D:1      | Reached XP level 1. HP: 12/12 MP: 1/1
   340 | D:1      | Reached XP level 2. HP: 12/18 MP: 2/2
   644 | D:1      | Reached XP level 3. HP: 22/22 MP: 3/3
   978 | D:2      | Noticed Robin
  1333 | D:2      | Killed Robin
  1334 | D:2      | Reached XP level 4. HP: 26/28 MP: 4/4
  1577 | D:2      | Found a sparkling altar of Nemelex Xobeh.
  1578 | D:2      | Found a faded altar of an unknown god.
  2011 | D:3      | Found a transporter.
  2062 | D:3      | Noticed a kobold demonologist
  2112 | D:3      | Found a transporter.
  2215 | D:3      | Reached XP level 5. HP: 32/32 MP: 5/5
  2304 | D:3      | Found a stormy altar of Qazlal.
  2834 | D:4      | Noticed an ogre
  2846 | D:4      | Killed an ogre
  2847 | D:4      | Reached XP level 6. HP: 11/38 MP: 6/6
  3225 | D:4      | Found a glowing drain.
  3248 | Sewer    | Entered a sewer
  3971 | D:4      | Noticed a phantom
  3994 | D:4      | Killed a phantom
  3995 | D:4      | Reached XP level 7. HP: 34/44 MP: 7/7
  4509 | D:5      | Entered Level 5 of the Dungeon
  4648 | D:5      | Noticed Pikel
  4687 | D:5      | Killed Pikel
  4688 | D:5      | Reached skill level 5 in Fighting
  4688 | D:5      | Reached skill level 5 in Maces & Flails
  4688 | D:5      | Reached XP level 8. HP: 24/50 MP: 8/8
  4708 | D:5      | Found a blossoming altar of Fedhas.
  4892 | D:5      | Found a hazy altar of Hepliaklqana.
  4892 | D:5      | Found a white marble altar of Elyvilon.
  5007 | D:5      | Found an opulent altar of Gozag.
  5100 | D:5      | Found a basalt altar of Yredelemnul.
  5548 | D:5      | Found a shimmering blue altar of Sif Muna.
  5841 | D:6      | Noticed Maggie
  5861 | D:6      | Killed Maggie
  5862 | D:6      | Reached skill level 5 in Throwing
  5862 | D:6      | Reached skill level 5 in Dodging
  6062 | D:6      | Reached XP level 9. HP: 56/56 MP: 9/9
  6080 | D:6      | Noticed Eustachio
  6173 | D:6      | Killed Eustachio
  6462 | D:6      | Noticed Sigmund
  6476 | D:6      | Killed Sigmund
  7559 | D:7      | Found a broken altar of Ashenzari.
  7662 | D:7      | Became a worshipper of Ashenzari the Shackled
  7857 | D:7      | Noticed a hornet
  7872 | D:7      | Killed a hornet
  8045 | D:7      | Reached XP level 10. HP: 64/64 MP: 10/10
  8087 | D:7      | Found a staircase to the Ecumenical Temple.
  8110 | Temple   | Entered the Ecumenical Temple
  8225 | D:7      | Found Fupnuru Jiann's General Store.
  8228 | D:7      | Bought a scroll of identify for 28 gold pieces
  8228 | D:7      | Bought a scroll of teleportation for 42 gold pieces
  8636 | D:8      | Noticed a two-headed ogre
  8647 | D:8      | Killed a two-headed ogre
  9423 | D:9      | Noticed Psyche
  9436 | D:9      | Killed Psyche
 10283 | D:9      | Found a staircase to the Orcish Mines.
 10436 | D:9      | Found a staircase to the Lair.
 10542 | D:10     | Entered Level 10 of the Dungeon
 10546 | D:10     | Noticed a gargoyle
 10849 | D:10     | Noticed Sonja
 10856 | D:10     | Reached XP level 11. HP: 41/71 MP: 11/11
 10884 | D:9      | Killed Sonja
 11512 | D:9      | HP: 3/71 [gargoyle/+0 dire flail (7)]
 11513 | D:9      | Slain by a gargoyle

Illustrated notes

Levels and vault maps discovered:
D:1:      co_arrival_two_rings, layout_loops_ring, st_stairs_6
D:2:      layout_rooms, nemelex_xobeh_ov_fountains_minmay,
          chequers_ecumenical_altar_simple, uniq_robin
D:3:      gammafunk_wand_slinger, layout_basic, lemuel_round_altar,
          minmay_gold_behind_fungi, minmay_circle_x
D:4:      layout_basic, portal_sewer_entry_d, st_stairs_5,
          hangedman_decor_clover_reticule
D:5:      minmay_recursive_quarters, layout_basic, old_standard_altar,
          nicolae_gozag_cash_rules_everything_around_me, lemuel_blue_sif_altar,
          chequers_temple_overflow_statue_of_worship, uniq_pikel
D:6:      layout_cave_pods, st_stairs_2, uniq_eustachio, uniq_maggie,
          uniq_sigmund
D:7:      layout_basic, marbit_many_paths, minmay_temple_entry_trees,
          serial_shops, kennysheep_mini_moat
D:8:      layout_basic
D:9:      layout_rooms, grunt_lair_entry_orc_guard_hut, erik_orc_1, uniq_psyche
D:10:     cheibrodos_breeding_chamber, layout_long_grid,
          muffindrake_ghost_dual_entry, serial_glass, glass_columns_b,
          glass_columns_a, glass_columns_b, glass_columns_c, glass_columns_a,
          glass_columns_b, glass_columns_a, glass_columns_b,
          lightli_wizard_tower, uniq_sonja
Temple:   cyrus_circular_temple

Skill      XL: |  1  2  3  4  5  6  7  8  9 10 11 |
---------------+----------------------------------+-----
Throwing       | 2 3 4 5 6 7 8 |  8.0
Fighting       | 3 4 5 6 7 9 |  9.5
Dodging        | 3 4 5 6 7 |  7.5
Maces & Flails | 4 5 6 7 8 9 |  9.1

Action                   |  1- 3 |  4- 6 |  7- 9 | 10-12 || total
-------------------------+-------+-------+-------+-------++-------
Melee: Flail             |   114 |    84 |       |       ||   198
       Whip              |       |   197 |   158 |       ||   355
       Morningstar       |       |       |   300 |   379 ||   679
Throw: Throwing net      |       |     2 |       |     3 ||     5
  Use: Scroll            |       |    16 |     8 |     2 ||    26
       Potion            |       |     2 |     1 |     5 ||     8
 Stab: Sleeping          |     1 |       |       |       ||     1
       Held in net/web   |       |     2 |       |     1 ||     3
       Invisible         |       |       |       |     2 ||     2
Armor: Leather armour    |    20 |       |       |       ||    20
       Ring mail         |    49 |    71 |       |       ||   120
       Scale mail        |       |    99 |   364 |   216 ||   679
Dodge: Dodged            |    97 |   186 |   386 |   326 ||   995

Table legend: (Time is in decaauts)
 A = Elapsed time spent in this place.
 B = Non-inter-level travel time spent in this place.
 C = Inter-level travel time spent in this place.
 D = Time resting spent in this place.
 E = Time spent auto-exploring this place.
 F = Levels seen in this place.
 G = Mean time per level.
                   A        B        C        D        E       F      G
               +--------+--------+--------+--------+--------+-----+--------+
         Total |  11730 |  11402 |    328 |   2675 |   6113 |  12 |  977.5 |
       Dungeon |  10851 |  10532 |    319 |   2500 |   5756 |  10 | 1085.1 |
        Temple |     59 |     50 |      9 |      0 |     50 |   1 |   59.0 |
         Sewer |    818 |    818 |      0 |    175 |    306 |   1 |  818.0 |
               +--------+--------+--------+--------+--------+-----+--------+

Top non-repeatable levels by time:
     D:9: 2023 daAuts
     D:6: 1499 daAuts
     D:8: 1173 daAuts
     D:3: 1163 daAuts
     D:5: 1152 daAuts
     D:7: 1056 daAuts
     D:4: 1040 daAuts
     D:1: 965 daAuts
   Sewer: 818 daAuts
     D:2: 681 daAuts
    D:10: 94 daAuts
  Temple: 59 daAuts
